 Dungeon Crawl Stone Soup version 0.24.0-123-gd5b16e6ec5 (webtiles) character file.

Game seed: 14876723535091560023, levelgen mode: deterministic

270 Chiseanne the Magician (level 6, 19/41 HPs)
             Began as a Demonspawn Wizard on Jan 21, 2020.
             Was a Follower of Vehumet.
             Quit the game on level 4 of the Dungeon.
             The game lasted 00:07:51 (5066 turns).

Chiseanne the Magician (Demonspawn Wizard)          Turns: 5066, Time: 00:07:52

Health: 19/41      AC:  6    Str:  7    XL:     6   Next: 1%
Magic:  1/13       EV: 11    Int: 21    God:    Vehumet [*.....]
Gold:   163        SH:  0    Dex: 12    Spells: 5/14 levels left

rFire    + + .     SeeInvis .   h - +1 dagger (flame)
rCold    . . .     Gourm    .   (no shield)
rNeg     . . .     Faith    .   x - +3 salamander hide armour {+Rage rF++}
rPois    .         Spirit   +   b - +0 hat
rElec    .         Reflect  .   (no cloak)
rCorr    .         Harm     .   (no gloves)
MR       .....                  (no boots)
Stlth    +++.......             (no amulet)
HPRegen  0.13/turn              (no ring)
MPRegen  0.13/turn              (no ring)

@: mildly poisoned (19 -> 15), very slightly contaminated
A: antennae 2, nightstalker 1, magic shield
a: Renounce Religion, Evoke Berserk Rage


You were on level 4 of the Dungeon.
You worshipped Vehumet.
Vehumet was aware of your devotion.
You were near starving.

You visited 1 branch of the dungeon, and saw 4 of its levels.

You collected 163 gold pieces.

Inventory:

Hand Weapons
 h - a +1 dagger of flaming (weapon)
Missiles
 e - 223 stones
 f - 26 poisoned darts (quivered)
 j - 62 arrows
 k - 26 bolts
 o - 48 sling bullets
 w - 6 boomerangs
Armour
 b - a +0 hat (worn)
 x - the +3 salamander hide armour (worn) {+Rage rF++}
   (You took it off an orc on level 3 of the Dungeon)

   It greatly protects you from fire.
   It lets you go berserk.
Wands
 r - a wand of random effects (14)
Scrolls
 c - 3 scrolls of identify
 i - a scroll of remove curse
 n - a scroll of random uselessness {unknown}
 s - 2 scrolls of teleportation {unknown}
Potions
 g - 2 potions of curing
 l - 2 potions of brilliance
 m - 2 potions of haste {unknown}
 p - a potion of mutation {unknown}
 t - 2 potions of flight {unknown}
 u - a potion of ambrosia {unknown}
 v - a potion of lignification {unknown}
Comestibles
 d - 7 rations


   Skills:
 - Level 1.7 Dodging
 - Level 1.7 Stealth
 * Level 4.9 Spellcasting
 * Level 4.2 Conjurations
   Level 1.0 Summonings
 - Level 0.8 Translocations


You had 5 spell levels left.
You knew the following spells:

 Your Spells              Type           Power        Failure   Level  Hunger
a - Magic Dart            Conj           ###.         2%          1    None
b - Blink                 Tloc           N/A          17%         2    None
c - Conjure Flame         Conj/Fire      ##......     21%         3    ##.....
d - Mephitic Cloud        Conj/Pois/Air  ##......     28%         3    ##.....

Your spell library contained the following spells:

 Spells                   Type           Power        Failure   Level  Hunger
 Sting                    Conj/Pois      ##..         7%          1    None
 Shock                    Conj/Air       ##..         7%          1    None
 Confusing Touch          Hex            #.....       17%         1    None
 Call Imp                 Summ           #.......     17%         2    None
 Static Discharge         Conj/Air       ##......     21%         3    ##.....
 Slow                     Hex            #.......     26%         2    None
 Swiftness                Chrm/Air       #.......     26%         2    None
 Gell's Gravitas          Tloc           #.........   34%         3    ##.....
 Confuse                  Hex            #.......     45%         3    ##.....
 Airstrike                Air            #.........   86%         4    ####...
 Petrify                  Tmut/Erth      #.......     86%         4    ####...
 Lightning Bolt           Conj/Air       ##........   88%         5    #####..
 Metabolic Englaciation   Hex/Ice        #.........   99%         5    #####..
 Yara's Violent Unravell  Hex/Tmut       #.........   99%         5    #####..


Dungeon Overview and Level Annotations

Branches:
Dungeon (4/15)
 Temple: D:4-7

Altars:
Kikubaaqudgha
Uskayaw
Vehumet
Wu Jian
Xom


Innate Abilities, Weirdness & Mutations

You have a pair of antennae on your head.
You are slightly more attuned to the shadows.
When hurt, damage is shared between your health and your magic reserves.


Message History

Increase (S)trength, (I)ntelligence, or (D)exterity?
You feel clever.
Your demonic ancestry asserts itself...
You slip into the darkness of the dungeon.
You feel sick.
You hit the quokka skeleton. You burn the quokka skeleton.
The quokka skeleton is heavily damaged.
The quokka skeleton bites you but does no damage.
You hit the quokka skeleton. You burn the quokka skeleton.
You destroy the quokka skeleton!
Vehumet accepts your kill.
You feel sick.
You feel sick.
You see here a worker ant corpse.
You see here a ring mail.
Are you sure you want to abandon this character and quit the game? (Confirm with "yes".)
Okay, then.
Unknown command.
Unknown command.
Unknown command.
Are you sure you want to abandon this character and quit the game? (Confirm with "yes".)

.........##
#...{..... #.<..#
..........#
###.......## ..
#..#..#... .!
....#....#.# .#
##..
.....#.#####.## ..#
...(....@†....# #.
......##.####.##
###
.....##.####.#.....
#..........).).....
........###..).....
#....##..###..†....
..... ##.# .##....
#... #.# #.# ...
###.# ###.##..##.
..


There were no monsters in sight!

Vanquished Creatures
  An orc wizard (D:4)
  2 worker ants
  5 adders
  An adder skeleton (D:4)
  2 worms (D:3)
  A dart slug (D:2)
  8 leopard geckos
  14 orcs
  3 ball pythons
  8 giant cockroaches
  14 goblins
  7 hobgoblins
  A jackal (D:1)
  A quokka (D:2)
  4 bats
  4 frilled lizards
  5 kobolds
  A quokka skeleton (D:4)
  11 rats
93 creatures vanquished.

Vanquished Creatures (collateral kills)
  An orc priest (D:4)
1 creature vanquished.

Grand Total: 94 creatures vanquished

Notes
Turn   | Place    | Note
-------+----------+-------------------------------------------
     0 | D:1      | Chiseanne the Demonspawn Wizard began the quest for the
                  | Orb.
     0 | D:1      | Reached XP level 1. HP: 13/13 MP: 4/4
   423 | D:1      | Gained mutation: When hurt, damage is shared between your
                  | health and your magic reserves. [demonic ancestry]
   423 | D:1      | Reached XP level 2. HP: 15/19 MP: 0/6
  1259 | D:1      | Reached XP level 3. HP: 24/24 MP: 5/8
  2663 | D:3      | Found a radiant altar of Vehumet.
  2671 | D:3      | Became a worshipper of Vehumet
  2814 | D:3      | Found an ancient bone altar of Kikubaaqudgha.
  2869 | D:3      | Gained mutation: You have a pair of small antennae on your
                  | head. [demonic ancestry]
  2869 | D:3      | Reached XP level 4. HP: 29/30 MP: 2/9
  3552 | D:3      | Learned a level 2 spell: Blink
  3556 | D:3      | Learned a level 3 spell: Conjure Flame
  3560 | D:3      | Learned a level 3 spell: Mephitic Cloud
  3609 | D:3      | Found an ornate altar of the Wu Jian Council.
  3632 | D:3      | Found a shimmering altar of Xom.
  3633 | D:3      | Found a hide-covered altar of Uskayaw.
  4233 | D:4      | Noticed a phantom
  4252 | D:3      | Gained mutation: You have a pair of antennae on your head.
                  | [demonic ancestry]
  4252 | D:3      | Reached XP level 5. HP: 20/35 MP: 0/11
  4272 | D:3      | HP: 1/35 [orc/+0 war axe (6)]
  4710 | D:3      | Reached * piety under Vehumet
  4710 | D:3      | Offered knowledge of Sting by Vehumet.
  4932 | D:4      | Noticed an ogre
  5061 | D:4      | Gained mutation: You are slightly more attuned to the
                  | shadows. [demonic ancestry]
  5061 | D:4      | Reached XP level 6. HP: 21/41 MP: 0/13
  5066 | D:4      | Quit the game

Levels and vault maps discovered:
D:1:      matt_arrival_spirals, layout_basic, minmay_vboxes
D:2:      layout_loops_corners
D:3:      minmay_recursive_quarters, layout_basic,
          nicolae_overflow_crystal_walls, lemuel_doored_altar,
          lemuel_crystal_altar, gammafunk_temple_overflow_pools, first_ration,
          grunt_ministairs_13
D:4:      layout_rooms, yredelemnul_altar_generic,
          grunt_temple_overflow_gold_and_silver, lemuel_round_altar,
          trog_butcher_becter

Skill      XL: |  1  2  3  4  5 |
---------------+----------------+-----
Conjurations   | 2 3 4 |  4.2
Spellcasting   | 4 |  4.9
Dodging        | |  1.7
Stealth        | |  1.7
Summonings     | |  1.0
Translocations | |  0.8

Action                   |  1- 3 |  4- 6 || total
-------------------------+-------+-------++-------
Melee: Dagger            |    42 |    77 ||   119
 Cast: Magic Dart        |   101 |    97 ||   198
       Mephitic Cloud    |       |     5 ||     5
       Blink             |       |     3 ||     3
Evoke: Wand              |       |     1 ||     1
  Use: Scroll            |     6 |       ||     6
 Stab: Confused          |       |     2 ||     2
  Eat: Chunk             |     5 |     6 ||    11
Armor: Robe              |     7 |     5 ||    12
       Leather armour    |       |    26 ||    26
Dodge: Dodged            |    39 |    80 ||   119
